 Dungeon Crawl Stone Soup version 0.16-a0-623-g20b2139 (webtiles) character file.

14 PolkaDot the Caller (level 2, 0/19 HPs)
             Began as a Vampire Summoner on Sept 18, 2014.
             Slain by an adder (2 damage)
             ... on Level 2 of the Dungeon.
             The game lasted 00:02:25 (1210 turns).

PolkaDot the Caller (Vampire Summoner)              Turns: 1210, Time: 00:02:25

HP   0/19        AC  2     Str  5 (7)  XL: 2   Next: 31%
MP   2/4         EV 12     Int 17      God:
Gold 57          SH  0     Dex 14      Spells:  1 memorised,  4 levels left

rFire  . . .     SeeInvis +     c - +0 club
rCold  . . .     Clarity  .     a - +0 robe
rNeg   + . .     rCorr    .     (no shield)
rPois  .         rRot     .     (no helmet)
rElec  .         Spirit   .     (no cloak)
SustAb .         Warding  .     (no gloves)
rMut   .         Stasis   .     (no boots)
Gourm  .                        (no amulet)
MR     .....                    (no ring)
                                (no ring)

@: lethally poisoned, very slightly contaminated, not resistant to hostile
enchantments, unstealthy
A: fangs 3, see invisible, unbreathing
a: no special abilities


You were on level 2 of the Dungeon.
You were not thirsty.

You visited 1 branch of the dungeon, and saw 2 of its levels.

You collected 57 gold pieces.

Inventory:

Hand weapons
 c - a +0 club (weapon)
Armour
 a - a +0 robe (worn)
Scrolls
 e - a scroll of random uselessness {unknown}
 g - a scroll of amnesia {unknown}
 h - a scroll of remove curse {unknown}
Books
 b - a book of Callings

   Spells                             Type                      Level
   *Summon Small Mammal               Summoning                    1
   Call Imp                           Summoning                    2
   Call Canine Familiar               Summoning                    3
   Summon Guardian Golem              Hexes/Summoning              4
   Summon Lightning Spire             Summoning/Air                4
   Summon Ice Beast                   Ice/Summoning                4


   Skills:
 - Level 2.1 Dodging
 - Level 3.0 Stealth
 - Level 2.0 Spellcasting
 * Level 4.6 Summonings


You had 4 spell levels left.
You knew the following spells:

 Your Spells              Type           Power        Failure   Level  Hunger
a - Summon Small Mammal   Summ           ###.         2%          1    #......


Dungeon Overview and Level Annotations

Branches:
Dungeon (2/15)

Altars:


Innate Abilities, Weirdness & Mutations

You have razor-sharp teeth.
You have supernaturally acute eyesight.
You can survive without breathing.


Message History

* * * LOW HITPOINT WARNING * * *
You feel sick.
Your quokka closely misses the adder.
You see here 29 stones.
* * * LOW HITPOINT WARNING * * *
You feel sick.
Your quokka barely misses the adder.
The worm barely misses your quokka. The adder closely misses you.
* * * LOW HITPOINT WARNING * * *
You feel sick.
You closely miss the adder.
The adder is moderately wounded.
The adder bites you.
* * * LOW HITPOINT WARNING * * *
Your quokka barely misses the adder.
The adder barely misses you.
Your rat bites the adder.
You barely miss the adder. Your bite misses the adder.
The adder is moderately wounded.
* * * LOW HITPOINT WARNING * * *
You feel sick.
Your quokka misses the adder. The adder bites you.
You die...

#.#.#.###...#.#
#.#.#.......#.#
#.#...###...#.#
#.#...+.....#.# ######
#.#...##...##.# .......
#.#...##.#'##.########.......
#.#.#........................
#.#.#.............r.".........
#.#.#...........@Sr.(.........
#.#.#................w........
#.#.#...................!....
#.#.#.....................###
..#.#.....................#
...................!...####
.+.....................#
.##.#...... ...........#
.##.#...(.> ########


You could see a worm, an adder, a friendly quokka and a friendly rat.

Vanquished Creatures
  2 bats (D:1)
  A hobgoblin (D:2)
  2 giant newts (D:1)
  A goblin (D:2)
  A kobold (D:1)
  3 rats (D:1)
10 creatures vanquished.

Vanquished Creatures (collateral kills)
  A ball python (D:1)
  A giant cockroach (D:1)
  2 goblins (D:1)
  A hobgoblin (D:1)
  A giant newt (D:1)
  A rat (D:1)
7 creatures vanquished.

Vanquished Creatures (others)
  A bat (D:1)
1 creature vanquished.

Grand Total: 18 creatures vanquished

Notes
Turn   | Place    | Note
--------------------------------------------------------------
     0 | D:1      | PolkaDot, the Vampire Summoner, began the quest for the Orb.
     0 | D:1      | Reached XP level 1. HP: 13/13 MP: 3/3
   298 | D:1      | Reached XP level 2. HP: 19/19 MP: 4/4
  1210 | D:2      | Slain by an adder

Action                   || total
-------------------------++-------
Melee: Club              ||    41
       Unarmed           ||     7
 Cast: Summon Small Mamm ||     5
  Use: Potion            ||     3
 Stab: Sleeping          ||     2
  Eat: Corpse            ||     4
